 Dungeon Crawl Stone Soup version 0.27.0-1-g7a08968 (webtiles) character file.

Game seed: 8122047593677421488

79 alexhoolio the Shield-Bearer (level 4, -10/36 HPs)
             Began as a Formicid Fighter on Nov 28, 2021.
             Killed by divine providence
             ... invoked by an orc priest
              (15 damage)
             ... on level 4 of the Dungeon on Nov 29, 2021.
             The game lasted 00:12:43 (1608 turns).

alexhoolio the Shield-Bearer (Formicid Fighter)     Turns: 1608, Time: 00:12:43

Health: -10/36     AC: 12    Str: 22    XL:     4   Next: 64%
Magic:  4/4        EV:  6    Int:  7    God:
Gold:   81         SH:  9    Dex: 10    Spells: 3/3 levels left

rFire    . . .     SeeInvis +   a - +0 trident
rCold    . . .     Faith    .   c - +0 kite shield
rNeg     . . .     Spirit   .   m - +0 chain mail
rPois    .         Reflect  .   (helmet unavailable)
rElec    .         Harm     .   (no cloak)
rCorr    .         Rampage  .   (no gloves)
Will     .....                  g - +2 pair of boots
Stlth    ..........             (no amulet)
HPRegen  0.12/turn              (no ring)
MPRegen  0.09/turn              (no ring)

@: mighty
A: permanent stasis, dig shafts and tunnels, antennae 3, four strong arms
a: Dig, Shaft Self


You were on level 4 of the Dungeon.
You visited 1 branch of the dungeon, and saw 4 of its levels.

You collected 81 gold pieces.

Inventory:

Hand Weapons
 a - a +0 trident (weapon)
 n - a +0 hunting sling
Missiles
 o - 56 stones
Armour
 b - a +0 scale mail
 c - a +0 kite shield (worn)
 g - a +2 pair of boots (worn)
 m - a +0 chain mail (worn)
Jewellery
 f - a ring of positive energy
Scrolls
 h - a scroll of noise {unknown}
 i - a scroll of amnesia {unknown}
 j - 2 scrolls of magic mapping {unknown}
 k - a scroll of identify {unknown}
 l - a scroll of fog {unknown}
Potions
 e - a potion of haste {unknown}
 p - a potion of heal wounds {unknown}


   Skills:
 - Level 3.6 Fighting
 * Level 3.1 Polearms
 + Level 3.9 Armour
 + Level 4.4 Shields


You had 3 spell levels left.
You didn't know any spells.
Your spell library contained the following spells:

 Spells                   Type           Power      Damage    Failure   Level
 Conjure Flame            Conj/Fire      0%         6-21      100%        3
 Ignite Poison            Fire/Tmut/Pois 0%         N/A       100%        3
 Sticky Flame             Conj/Fire      0%         2d3       100%        4


Dungeon Overview and Level Annotations

Branches:
Dungeon (4/15)
 Temple: D:4-7

Altars:


Innate Abilities, Weirdness & Mutations

You cannot be hasted, slowed, berserked, paralysed or teleported.
You can dig through walls and to a lower floor.
You have a pair of large antennae on your head. (SInv)
Your four strong arms can wield two-handed weapons with a shield.


Message History

Found a scroll labelled HEISKI IMUTETZ.
There is a stone staircase leading down here.
You climb downwards.
There is a stone staircase leading up here.
You climb upwards.
You block the orc's attack. The orc closely misses you.
There is a stone staircase leading down here.
The orc closely misses you. The orc hits you with a +0 whip.
You climb downwards.
There is a stone staircase leading up here.
You hit the orc.
The orc is severely wounded.
The orc closely misses you. The orc hits you but does no damage.
You puncture the orc!
You kill the orc!
You block the orc's attack. The orc barely misses you.
You hit the orc but do no damage. The orc hits you but does no damage.
You barely miss the orc. You block the orc's attack.
You puncture the orc!
You kill the orc!
No target in view!
You start resting.
HP restored.
You climb upwards.
The orc priest calls down the wrath of Beogh upon you.
You barely resist.
There is a stone staircase leading down here.
The orc priest calls down the wrath of Beogh upon you.
Beogh smites you!
You climb downwards.
There is a stone staircase leading up here.
You closely miss the orc priest.
The orc priest hits you with a +0 flail.
You barely miss the orc priest.
The orc priest calls down the wrath of Beogh upon you.
Beogh smites you!
* * * LOW HITPOINT WARNING * * *
You feel very mighty all of a sudden.
The orc priest invokes the aid of Beogh against you.
Beogh smites you!
You die...

#...##...# ###.# .
#.# #.# #.# ..
##########.# ....
#........#.#
####.....
#........#o#####....#
#........#@#.....##.#
#........)[.........#
#.....)..#.##....####
#........#....##....
##########..#####....
#..# #.... { ....#
.... .#### (...


You could see an orc priest.

Vanquished Creatures
  A gnoll (D:1)
  3 adders
  2 orcs (D:4)
  6 bats
  3 endoplasms
  5 goblins
  4 hobgoblins
  3 jackals (D:2)
  4 kobolds
  3 ball pythons
  A frilled lizard (D:1)
  4 rats
39 creatures vanquished.

Notes
Turn   | Place    | Note
-------+----------+-------------------------------------------
     0 | D:1      | alexhoolio the Formicid Fighter began the quest for the
                  | Orb.
     0 | D:1      | Reached XP level 1. HP: 18/18 MP: 1/1
    52 | D:1      | Reached XP level 2. HP: 7/24 MP: 2/2
   609 | D:1      | Reached XP level 3. HP: 28/29 MP: 3/3
   648 | D:1      | Reached skill level 4 in Shields
  1108 | D:3      | Reached XP level 4. HP: 35/36 MP: 4/4
  1508 | D:2      | Found a faded altar of an unknown god.
  1508 | D:2      | You fall into a shaft and drop 2 floors!
  1608 | D:4      | Killed from afar by an orc priest

Illustrated notes

Levels and vault maps discovered:
D:1:      minmay_arrival_solitary_statue, layout_rooms
D:2:      layout_loops_ring, dreamdust_ecumenical_altar_angels_and_demons,
          hangedman_decor_growths, kennysheep_generic_room_13
D:3:      layout_basic, old_standard_altar, mainiacjoe_overflow_catwalk_spiral,
          uniq_natasha, uniq_jessica
D:4:      layout_rooms

Skill      XL: |  1  2  3  4 |
---------------+-------------+-----
Shields        | 4 |  4.4
Polearms       | 3 |  3.1
Fighting       | |  3.6
Armour         | |  3.9

Action                   |  1- 3 |  4- 6 || total
-------------------------+-------+-------++-------
Melee: Trident           |    83 |    43 ||   126
 Abil: Dig               |     3 |       ||     3
  Use: Potion            |       |     1 ||     1
Armor: Scale mail        |    26 |     9 ||    35
       Chain mail        |       |    13 ||    13
Dodge: Dodged            |    24 |     9 ||    33
Block: Kite shield       |    36 |    22 ||    58
